 Dungeon Crawl Stone Soup version 0.24-a0-355-gbe4061de67 (console) character file.

Game seed: 11305807106293032814

840 Voker57 the Fighter (level 7, -11/64 HPs)
             Began as a Demonspawn Monk on May 24, 2019.
             Mangled by a death ooze (23 damage)
             ... created by the vengeance of Jiyva
             ... on level 3 of the Dungeon.
             The game lasted 00:06:37 (4891 turns).

Voker57 the Fighter (Demonspawn Monk)               Turns: 4891, Time: 00:06:38

Health: -11/64     AC:  3    Str: 12      XL:     7   Next: 67%
Magic:  13/13      EV: 18    Int:  8 (11) God:
Gold:   208        SH:  0    Dex: 17      Spells: 6/6 levels left

rFire    . . .     SeeInvis .   d - +3 dagger (flame)
rCold    + . .     Gourm    .   (no shield)
rNeg     . . .     Faith    .   b - +1 robe
rPois    .         Spirit   .   (helmet restricted)
rElec    .         Reflect  .   (no cloak)
rCorr    .         Harm     .   (no gloves)
MR       .....                  (no boots)
Stlth    +++.......             (no amulet)
HPRegen  0.20/turn              (no ring)
MPRegen  0.13/turn              (no ring)

@: about to teleport
A: antennae 1, claws 1, talons 1, cold resistance 1, nightstalker 1
a: no special abilities


You were on level 3 of the Dungeon.
You were very hungry.

You visited 1 branch of the dungeon, and saw 4 of its levels.

You collected 208 gold pieces.

Inventory:

Hand Weapons
 a - a +0 falchion
 d - a +3 dagger of flaming (weapon)
Armour
 b - a +1 robe (worn)
Jewellery
 g - an uncursed ring of fire
Scrolls
 e - a scroll of noise {unknown}
 f - a scroll of teleportation
 i - a scroll of identify
 j - a scroll of enchant armour
 k - 2 scrolls of remove curse
Comestibles
 c - 5 rations


   Skills:
 + Level 9.0 Fighting
 - Level 2.6 Long Blades
 + Level 8.3 Dodging
 - Level 1.7 Stealth
   Level 8.9 Invocations


You had 6 spell levels left.
You didn't know any spells.
Your spell library was empty.

Dungeon Overview and Level Annotations

Branches:
Dungeon (4/15)
 Temple: D:4-7

Altars:
Dithmenos
Qazlal
Sif Muna
Zin
Jiyva

Annotations:
D:4 Menkaure


Innate Abilities, Weirdness & Mutations

You have a pair of small antennae on your head.
You have sharp fingernails.
You have sharp toenails.
Your flesh is cold resistant. (rC+)
You are slightly more attuned to the shadows.


Message History

There is a stone staircase leading down here.
Unknown command.
You climb downwards.
Level annotation: Menkaure
There is a stone staircase leading up here.
The death ooze jiggles.
The death ooze misses you. The death ooze hits you. The death ooze hits you! x2
You climb upwards.
There is a stone staircase leading down here.
The death ooze misses you. The death ooze hits you!
* * * LOW HITPOINT WARNING * * *
The death ooze closely misses you. The death ooze barely misses you.
The death ooze hits you.
* * * LOW HITPOINT WARNING * * *
The death ooze hits you.
* * * LOW HITPOINT WARNING * * *
The death ooze jiggles.
As you read the scroll of teleportation, it crumbles to dust.
You feel strangely unstable. The death ooze hits you!!
You die...

.......# ###########
.......# #.........#
.......# #.........#
.......### #.........#
.........##### #.........#
.......#.....####.........#
.......##.##.#....##.######
..(....##..#.##.#..#.#
............(......>.#
...(...##..#.##J@....#
#########....#<......# #
#..########..# #
#...#######..# #
#............# #
##....#####.##
##########..#.## #.#
.........#.....####.#######
.......#...###...##.##....#
.....[.#.#.#.#.#.#.....##.#


You could see a death ooze.

Vanquished Creatures
  Grinder (D:3)
  A floating eye (D:3)
  A centaur (D:3)
  A bullfrog (D:4)
  A howler monkey (D:4)
  A hound (D:2)
  A jelly (D:3)
  2 orc priests (D:3)
  2 orc wizards (D:4)
  A worker ant (D:4)
  A howler monkey skeleton (D:4)
  6 adders
  An adder skeleton (D:4)
  4 worms
  A dart slug (D:1)
  3 leopard geckos (D:2)
  7 orcs
  4 giant cockroaches
  5 goblins
  10 hobgoblins
  A jackal (D:3)
  8 kobolds
  A quokka (D:2)
  A ball python (D:4)
  6 bats
  3 frilled lizards
  A quokka skeleton (D:4)
  11 rats
86 creatures vanquished.

Notes
Turn   | Place    | Note
-------+----------+-------------------------------------------
     0 | D:1      | Voker57 the Demonspawn Monk began the quest for the Orb.
     0 | D:1      | Reached XP level 1. HP: 18/18 MP: 1/1
   175 | D:1      | Gained mutation: You are slightly more attuned to the
                  | shadows. [demonic ancestry]
   175 | D:1      | Reached XP level 2. HP: 23/24 MP: 2/2
   849 | D:2      | Gained mutation: You have sharp toenails. [demonic
                  | ancestry]
   849 | D:2      | Reached XP level 3. HP: 19/29 MP: 3/3
  1427 | D:2      | Reached skill level 4 in Fighting
  1427 | D:2      | Reached XP level 4. HP: 19/37 MP: 4/4
  1863 | D:2      | Found a glowing silver altar of Zin.
  2141 | D:2      | Found a deep blue altar of Sif Muna.
  2431 | D:3      | Gained mutation: You have sharp fingernails. [demonic
                  | ancestry]
  2431 | D:3      | Reached XP level 5. HP: 24/43 MP: 5/5
  2583 | D:3      | Noticed Grinder
  2590 | D:3      | Reached skill level 8 in Fighting
  2590 | D:3      | Gained mutation: Your flesh is cold resistant. (rC+)
                  | [demonic ancestry]
  2590 | D:3      | Reached XP level 6. HP: 54/57 MP: 5/12
  3178 | D:3      | Paralysed by Grinder for 6 turns
  3187 | D:3      | Paralysed by Grinder for 2 turns
  3206 | D:3      | Killed Grinder
  3206 | D:3      | Gained mutation: You have a pair of small antennae on your
                  | head. [demonic ancestry]
  3206 | D:3      | Reached XP level 7. HP: 15/63 MP: 13/13
  3587 | D:3      | Found a faded altar of an unknown god.
  3598 | D:3      | Found a stormy altar of Qazlal.
  3659 | D:3      | Became a worshipper of Jiyva Juipsy the Shapeless
  3659 | D:3      | Reached * piety under Jiyva
  3659 | D:3      | Reached ** piety under Jiyva
  3660 | D:3      | Fell from the grace of Jiyva
  4231 | D:4      | Reached skill level 9 in Fighting
  4265 | D:4      | Noticed Menkaure
  4611 | D:4      | Found a shadowy altar of Dithmenos.
  4651 | D:4      | Noticed a death ooze
  4651 | D:4      | Noticed a glowing orange brain
  4653 | D:4      | Paralysed by a floating eye for 3 turns
  4658 | D:4      | Paralysed by a floating eye for 3 turns
  4670 | D:4      | Paralysed by a floating eye for 2 turns
  4674 | D:3      | Paralysed by a floating eye for 2 turns
  4891 | D:3      | Mangled by a death ooze

Levels and vault maps discovered:
D:1:      lightli_arrival_statue_moat, layout_basic, serial_forest,
          infiniplex_forest_zigzag_1, infiniplex_forest_clump_long,
          infiniplex_forest_clump_small, infiniplex_forest_lined_corner,
          infiniplex_forest_lined_3, infiniplex_forest_straight_2
D:2:      layout_basic, overflow_temple_1_default, led_sif_pool
D:3:      layout_basic, nicolae_overflow_hidden_temple,
          chequers_ecumenical_altar_simple, minmay_fractal_squares_5,
          uniq_grinder
D:4:      layout_basic, lemuel_round_altar, grunt_ministairs_3, uniq_menkaure

Skill      XL: |  1  2  3  4  5  6  7 |
---------------+----------------------+-----
Dodging        | 3 4 7 8 |  8.3
Fighting       | 4 8 9 |  9.0
Invocations    | 8 |  8.9
Long Blades    | |  2.6
Stealth        | |  1.7

Action                   |  1- 3 |  4- 6 |  7- 9 || total
-------------------------+-------+-------+-------++-------
Melee: Falchion          |    59 |       |       ||    59
       Dagger            |    13 |   136 |    95 ||   244
       Kick              |     5 |    32 |    25 ||    62
       Unarmed           |       |       |     7 ||     7
Invok: Renounce Religion |       |       |     1 ||     1
  Use: Scroll            |     1 |     4 |     4 ||     9
       Potion            |     1 |     4 |       ||     5
 Stab: Sleeping          |     6 |    12 |     2 ||    20
  Eat: Chunk             |     2 |     5 |     1 ||     8
       Ration            |       |       |     1 ||     1
Armor: Robe              |    10 |    13 |     7 ||    30
       Skin              |     5 |     5 |     2 ||    12
Dodge: Dodged            |    41 |    82 |    86 ||   209
       Rpst.: Falchion   |    12 |       |       ||    12

Table legend:
 A = Non-vault XP
 B = Vault XP
 C = Vault XP percentage of total XP
 D = Non-vault monster count
 E = Vault monster count
 F = Vault count percentage of total count
                 A         B        C        D         E       F
            +---------+---------+-------+---------+---------+-------
      Total |     706 |     303 |  30.0 |      75 |       9 |  10.7
            +---------+---------+-------+---------+---------+-------
        D:1 |      25 |       0 |   0.0 |      14 |       0 |   0.0
        D:2 |     156 |       0 |   0.0 |      30 |       0 |   0.0
        D:3 |     252 |     303 |  54.6 |      18 |       9 |  33.3
        D:4 |     273 |       0 |   0.0 |      13 |       0 |   0.0
            +---------+---------+-------+---------+---------+-------
